 Dungeon Crawl Stone Soup version 0.23.0-3-gf3c87f2df8 (webtiles) character file.

Game seed: 3400652510262799810

3628 Sondor the Cleaver (level 9, -2/57 HPs)
             Began as a Demonspawn Chaos Knight on Feb 20, 2019.
             Was a Plaything of Xom.
             Killed from afar by a wretched star (28 damage)
             ... with an orb of energy
             ... on level 1 of the Abyss.
             The game lasted 00:15:34 (6505 turns).

Sondor the Cleaver (Demonspawn Chaos Knight)        Turns: 6505, Time: 00:15:34

Health: -2/57      AC:  8    Str: 15 (16) XL:     9   Next: 87%
Magic:  0/7        EV: 14    Int: 14      God:    Xom [...*..]
Gold:   476        SH:  0    Dex: 14      Spells: 8/8 levels left

rFire    x . .     SeeInvis .   l - +3 hand axe (elec)
rCold    + . .     Gourm    .   (no shield)
rNeg     + . .     Faith    .   b - +2 leather armour
rPois    .         Spirit   +   (no helmet)
rElec    .         Reflect  .   g - +0 cloak
rCorr    .         Harm     .   (no gloves)
MR       .....                  p - +0 pair of boots
Stlth    ++........             (no amulet)
HPRegen  0.19/turn              m - ring of positive energy
MPRegen  0.10/turn              A - ring of ice

@: silenced
A: talons 1, molten scales 1, agile 1, blurry vision 1, deformed body,
deterioration 1, [frail 2], low mp 2, mutation resistance 1, spiny 2, magic
shield
a: Renounce Religion


You were on level 1 of the Abyss.
You worshipped Xom.
You were a favourite toy of Xom.
You were not hungry.

You visited 1 branch of the dungeon, and saw 7 of its levels.
You visited the Abyss 1 time.
You also visited: Sewer.

You collected 476 gold pieces.

Inventory:

Hand Weapons
 a - a +0 falchion of chaos
 l - a +3 hand axe of electrocution (weapon)
Missiles
 o - 7 tomahawks of returning (quivered)
Armour
 b - a +2 leather armour (worn)
 g - a +0 cloak (worn)
 p - a +0 pair of boots (worn)
 I - a +2 pair of boots
Jewellery
 m - a ring of positive energy (left hand)
 A - a ring of ice (right hand)
 D - an uncursed ring of flight
Wands
 u - a wand of enslavement (4)
 v - a wand of acid (7)
 w - a wand of flame (30)
 E - a wand of scattershot (8)
Scrolls
 d - 3 scrolls of remove curse
 e - a scroll of amnesia {unknown}
 f - 6 scrolls of teleportation
 h - a scroll of noise {unknown}
 n - a scroll of fog {unknown}
 q - a scroll of enchant armour {unknown}
 s - a scroll of enchant weapon {unknown}
 x - a scroll of magic mapping {unknown}
 y - a scroll of immolation {unknown}
 F - 2 scrolls of silence {unknown}
Potions
 j - 3 potions of curing
 r - a potion of haste
 t - a potion of invisibility
 z - 3 potions of might
 B - 4 potions of flight
 C - a potion of brilliance
 G - a potion of mutation {unknown}
 H - a potion of agility
Miscellaneous
 i - a phial of floods
Comestibles
 c - 8 rations


   Skills:
 + Level 7.0 Fighting
 + Level 4.4 Long Blades
 + Level 8.3 Axes
 + Level 4.5 Armour
 + Level 4.8 Dodging
 + Level 2.9 Stealth
 + Level 1.1 Evocations


You had 8 spell levels left.
You didn't know any spells.
Your spell library contained the following spells:

 Spells                   Type           Power        Failure   Level  Hunger
 Corona                   Hex            #......      34%         1    ##.....
 Ensorcelled Hibernation  Hex/Ice        #.....       47%         2    ###....
 Confuse                  Hex            #.......     71%         3    ####...
 Dazzling Spray           Conj/Hex       #.....       71%         3    ####...
 Tukima's Dance           Hex            #.......     71%         3    ####...


Dungeon Overview and Level Annotations

Branches:
Dungeon (7/15)             Temple (0/1) D:4

Altars:
Dithmenos
Gozag
Ru
Xom
The Shining One


Innate Abilities, Weirdness & Mutations

You have sharp toenails.
You are partially covered in molten scales. (AC +2)
You are mostly covered in sharp spines.
When hurt, damage is shared between your health and your magic reserves.
You are agile. (Dex +2)
Scrolls take you a little longer to read.
Armour fits poorly on your strangely shaped body.
Your body sometimes deteriorates upon taking damage.
Your magical capacity is very low. (-20% MP)
You are somewhat resistant to further mutation.
[You are very frail. (-20% HP)]


Message History

Your ring of positive energy unmelds from your body.
Your ring of ice unmelds from your body.
You hear the crackle of electricity.
You feel more attuned to ice.
You start resting.
Magic restored.
You start resting.
Your magical contamination has completely faded away.
You start resting.
A wretched star erupts from nowhere.
A wretched star is nearby!
A wretched star is nearby!
Xom's power touches on your mind for a moment.
You are now a favourite toy of Xom.
The wretched star pulses with an eldritch light!
The wretched star pulses with an eldritch light!
The wretched star glows turbulently.
The orb of energy hits you!!
You die...
Xom howls with laughter!

#....# .. ##.#
###.## #.# . ##...
##...###... ..#....
#.....#....
#......##......##..
.........*.........
...................
...................
.......@...........
♣..#.##.###..#.#...
#.. ##.###... #...
.# .. .#### .. #
###


You could see a wretched star.

Vanquished Creatures
  Grinder (D:5)
  A hippogriff (D:7)
  Sigmund (D:6)
  Edmund (D:5)
  Menkaure (D:6)
  Duvessa (D:5)
  An ice beast (D:4)
  A phantom (D:6)
  5 ogres
  A black bear (D:7)
  A sky beast (D:6)
  A centaur (D:6)
  A necrophage (D:6)
  A big kobold (Sewer)
  2 bullfrogs (D:7)
  A water moccasin zombie (D:7)
  A scorpion (D:4)
  Dowan (D:5)
  A water moccasin skeleton (D:5)
  2 crimson imps
  3 howler monkeys
  3 bullfrog zombies
  2 hounds
  A bullfrog skeleton (D:4)
  An orc wizard (D:6)
  A centaur skeleton (D:6)
  An iron imp (D:7)
  Jessica (D:2)
  2 iguanas (D:4)
  5 worker ants
  A hound zombie (D:4)
  A worker ant zombie (D:5)
  6 adders
  A howler monkey skeleton (D:6)
  A river rat (D:2)
  4 oozes
  2 adder zombies
  2 adder skeletons
  4 worms
  3 dart slugs
  3 leopard geckos
  19 orcs
  6 bats
  5 giant cockroaches
  13 goblins
  5 hobgoblins
  13 jackals
  2 quokkas
  3 ball pythons
  7 frilled lizards
  A goblin skeleton (D:7)
  4 hobgoblin zombies (D:7)
  11 kobolds
  2 kobold zombies (D:7)
  A leopard gecko skeleton (D:4)
  2 orc zombies (D:7)
  8 rats
176 creatures vanquished.

Vanquished Creatures (collateral kills)
  Pikel (D:4)
  A worldbinder (Abyss:1)
  A leopard gecko skeleton (D:4)
3 creatures vanquished.

Vanquished Creatures (others)
  A shadow imp (Abyss:1)
  A quokka (D:4)
2 creatures vanquished.

Grand Total: 181 creatures vanquished

Notes
Turn   | Place    | Note
-------+----------+-------------------------------------------
     0 | D:1      | Sondor the Demonspawn Chaos Knight began the quest for the
                  | Orb.
     0 | D:1      | Reached XP level 1. HP: 18/18 MP: 1/1
    29 | D:1      | XOM: potion effect (might)
    47 | D:1      | Gained mutation: You are partially covered in sharp spines.
                  | [demonic ancestry]
    47 | D:1      | Reached XP level 2. HP: 14/24 MP: 2/2
   216 | D:1      | Reached skill level 1 in Dodging
   437 | D:1      | Reached XP level 3. HP: 29/29 MP: 3/3
  1257 | D:2      | Found a sacrificial altar of Ru.
  1283 | D:2      | Noticed Jessica
  1290 | D:2      | XOM: butterfly on damage
  1291 | D:2      | Killed Jessica
  1291 | D:2      | Gained mutation: You have sharp toenails. [demonic
                  | ancestry]
  1291 | D:2      | Reached XP level 4. HP: 22/37 MP: 4/4
  1343 | D:2      | XOM: mild Pois miscast
  1418 | D:2      | XOM: confuse monster(s)
  1505 | D:2      | XOM: give mutations
  1505 | D:2      | Gained mutation: You are dopey. (Int -2) [Xom's mischief]
  1505 | D:2      | Gained mutation: Your body sometimes deteriorates upon
                  | taking damage. [Xom's mischief]
  1505 | D:2      | Gained mutation: Armour fits poorly on your strangely
                  | shaped body. [Xom's mischief]
  1939 | D:2      | XOM: give mutations
  1939 | D:2      | Lost mutation: You are dopey. (Int -2) [Xom's grace]
  1939 | D:2      | Gained mutation: You are agile. (Dex +2) [Xom's grace]
  1939 | D:2      | Gained mutation: You are somewhat resistant to further
                  | mutation. [Xom's grace]
  2216 | D:3      | XOM: scenery: 1 doors open
  2343 | D:3      | Gained mutation: You are mostly covered in sharp spines.
                  | [demonic ancestry]
  2343 | D:3      | Reached XP level 5. HP: 42/42 MP: 5/5
  2451 | D:3      | XOM: noise
  2886 | D:4      | XOM: god gift: phial of floods
  2896 | D:4      | XOM: cloud trail
  2954 | D:4      | Found a shadowy altar of Dithmenos.
  2970 | D:4      | XOM: polymorph orc -> ooze
  2985 | D:4      | Reached skill level 1 in Axes
  2987 | D:4      | Reached XP level 6. HP: 38/48 MP: 6/6
  2989 | D:4      | Found a staircase to the Ecumenical Temple.
  3019 | D:4      | Noticed Pikel
  3019 | D:4      | Noticed a slave
  3019 | D:4      | Noticed a slave
  3019 | D:4      | Noticed a slave
  3019 | D:4      | Noticed a slave
  3028 | D:4      | Killed Pikel
  3028 | D:4      | Reached skill level 2 in Axes
  3028 | D:4      | Gained mutation: When hurt, damage is shared between your
                  | health and your magic reserves. [demonic ancestry]
  3028 | D:4      | Reached XP level 7. HP: 28/55 MP: 7/7
  3382 | D:4      | Reached skill level 3 in Axes
  3421 | D:4      | XOM: divination: detect creatures
  3498 | D:4      | XOM: confusion (+ monsters)
  3504 | D:4      | Reached skill level 1 in Stealth
  3678 | D:5      | Entered Level 5 of the Dungeon
  3745 | D:5      | Reached skill level 5 in Fighting
  3745 | D:5      | Reached skill level 4 in Axes
  3792 | D:5      | Noticed Edmund
  3793 | D:5      | Noticed Dowan
  3794 | D:5      | Noticed Duvessa
  3801 | D:5      | Killed Edmund
  3801 | D:5      | Gained mutation: You are partially covered in molten
                  | scales. (AC +2) [demonic ancestry]
  3801 | D:5      | Reached XP level 8. HP: 39/62 MP: 4/8
  3806 | D:5      | Killed Dowan
  3813 | D:5      | Killed Duvessa
  3813 | D:5      | Reached skill level 5 in Axes
  3954 | D:5      | XOM: mild Tmut miscast
  4103 | D:5      | Noticed Grinder
  4112 | D:5      | XOM: cast spell 'Necromutation'
  4120 | D:5      | Killed Grinder
  4120 | D:5      | Reached skill level 1 in Evocations
  4143 | D:5      | Found a glowing drain.
  4162 | Sewer    | Entered a sewer
  4220 | Sewer    | XOM: silly message
  4252 | Sewer    | Found a white marble altar of Elyvilon.
  4969 | D:6      | Noticed Sigmund
  4974 | D:6      | Killed Sigmund
  4974 | D:6      | Reached skill level 6 in Axes
  5054 | D:6      | XOM: scenery: create altars
  5067 | D:6      | Reached XP level 9. HP: 58/69 MP: 9/9
  5134 | D:6      | Noticed Menkaure
  5141 | D:6      | Killed Menkaure
  5274 | D:6      | Found an opulent altar of Gozag.
  5352 | D:6      | Reached skill level 7 in Axes
  5680 | D:6      | XOM: give mutations
  5680 | D:6      | Gained mutation: Your magical capacity is low. (-10% MP)
                  | [Xom's mischief]
  5680 | D:6      | Gained mutation: Scrolls take you a little longer to read.
                  | [Xom's mischief]
  5680 | D:6      | Gained mutation: Your magical capacity is very low. (-20%
                  | MP) [Xom's mischief]
  5972 | D:7      | XOM: noise
  6054 | D:7      | Found a glowing golden altar of the Shining One.
  6090 | D:7      | Reached skill level 8 in Axes
  6207 | D:7      | XOM: medium Tloc miscast
  6207 | D:7      | Cast into level 1 of the Abyss (the capriciousness of Xom)
  6252 | Abyss:1  | Noticed a worldbinder
  6254 | Abyss:1  | Noticed a troll
  6254 | Abyss:1  | Noticed a troll
  6259 | Abyss:1  | XOM: confuse monster(s)
  6265 | Abyss:1  | Noticed a troll
  6271 | Abyss:1  | XOM: summons 4 friendly demons
  6274 | Abyss:1  | HP: 2/71 [troll[a worldbinder] (6)]
  6278 | Abyss:1  | Killed a worldbinder
  6348 | Abyss:1  | Noticed an ancient zyme
  6363 | Abyss:1  | XOM: confuse monster(s)
  6371 | Abyss:1  | XOM: polymorph white imp -> shadow imp
  6373 | Abyss:1  | XOM: harmless Tloc miscast
  6390 | Abyss:1  | Noticed an apocalypse crab
  6399 | Abyss:1  | Noticed a wretched star
  6406 | Abyss:1  | HP: 2/57 [apocalypse crab (1)]
  6492 | Abyss:1  | Noticed a wretched star
  6494 | Abyss:1  | XOM: confuse monster(s)
  6505 | Abyss:1  | Killed from afar by a wretched star

Skill      XL: |  1  2  3  4  5  6  7  8  9 |
---------------+----------------------------+-----
Long Blades    | 3 4 |  4.4
Dodging        | 1 2 3 4 |  4.8
Armour         | 2 3 4 |  4.5
Fighting       | 4 5 6 7 |  7.0
Axes           | 1 2 4 6 8 |  8.3
Stealth        | 1 2 |  2.9
Evocations     | 1 |  1.1

Action                   |  1- 3 |  4- 6 |  7- 9 || total
-------------------------+-------+-------+-------++-------
Melee: Falchion          |    71 |    29 |       ||   100
       Kick              |       |    13 |       ||    13
       Hand axe          |       |    40 |   191 ||   231
Evoke: Phial of floods   |       |     1 |       ||     1
       Wand              |       |       |     3 ||     3
  Use: Scroll            |     2 |     3 |    10 ||    15
       Potion            |       |     2 |     6 ||     8
 Stab: Sleeping          |       |       |     2 ||     2
  Eat: Chunk             |     1 |     5 |     6 ||    12
       Ration            |       |       |     2 ||     2
Armor: Leather armour    |    37 |    17 |    56 ||   110
       Skin              |       |       |     4 ||     4
Dodge: Dodged            |    45 |    42 |   159 ||   246
       Rpst.: Falchion   |    13 |    10 |       ||    23
